 Dungeon Crawl Stone Soup version 0.31.0-11-ge490571c62 (webtiles) character file.

Game seed: 16585817043089970850

58 Arctor the Firebug (level 3, 0/19 HPs)
             Began as a Deep Elf Fire Elementalist on Feb 1, 2024.
             Slain by an orc
             ... wielding a +0 dagger
              (3 damage)
             ... on level 2 of the Dungeon.
             The game lasted 00:01:18 (2035 turns).

Arctor the Firebug (Deep Elf Fire Elementalist)     Turns: 2035, Time: 00:01:19

Health: 0/19       AC:  4    Str:  8    XL:     3   Next: 75%
Magic:  6/10       EV: 13    Int: 21    God:
Gold:   59         SH:  0    Dex: 15    Spells: 6/9 levels left

rFire   . . .        (no weapon)
rCold   . . .        (no shield)
rNeg    . . .        a - +0 robe
rPois   .            (no helmet)
rElec   .            (no cloak)
rCorr   .            c - +1 pair of gloves {Str+3}
SInv    .            (no boots)
Will    .....        (no amulet)
Stlth   ++           (no ring)
HPRegen 0.23/turn    (no ring)
MPRegen 0.12/turn

%: no passive effects
@: no status effects
A: no striking features
a: no special abilities


You were on level 2 of the Dungeon.
You visited 1 branch of the dungeon, and saw 3 of its levels.

You collected 59 gold pieces.

Inventory:

Armour
 a - a +0 robe (worn)
 c - a +1 pair of gloves of strength (worn)
Jewellery
 h - a ring of resist corrosion
Scrolls
 d - a scroll of noise {unknown}
 e - a scroll of torment {unknown}
 f - a scroll of fear {unknown}
 g - a scroll of amnesia {unknown}
 i - a scroll of immolation {unknown}
 j - a scroll of enchant armour {unknown}
 k - a scroll of teleportation {unknown}
 l - a scroll of identify {unknown}
Potions
 b - a potion of magic
 m - a potion of heal wounds {unknown}


   Skills:
 + Level 3.1 Dodging
 + Level 3.2 Stealth
 + Level 3.7 Spellcasting
 + Level 2.0 Conjurations
 + Level 3.7 Fire Magic


You had 6 spell levels left.
You knew the following spells:

 Your Spells              Type           Power      Damage    Failure   Level
a - Foxfire               Conj/Fire      64%        2x1d7     3%          1
b - Scorch                Fire           38%        2d6       4%          2

Your spell library contained the following spells:

 Spells                   Type           Power      Damage    Failure   Level
 Inner Flame              Hex/Fire       11%        N/A       17%         3
 Volatile Blastmotes      Fire/Tloc      22%        2d11      17%         3
 Flame Wave               Conj/Fire      16%        2d7       36%         4


Dungeon Overview and Level Annotations

Branches:
Dungeon (3/15)

Altars:
The Shining One


Message History

Unknown command.
You are too injured to fight recklessly!
Unknown command.
You are too injured to fight recklessly!
Casting: Foxfire (safe; 3% risk of failure)
Confirm with . or Enter, or press ? or * to list all spells.
You conjure some foxfire!
You feel sick.
The foxfire hits the orc.
The orc is heavily wounded.
The foxfire hits the adder.
The adder is moderately wounded.
The adder barely misses you.
The orc hits you with a +1 dagger of speed.
The orc closely misses you. The adder bites you.
* * * LOW HITPOINT WARNING * * *
The orc barely misses you.
Casting: Foxfire (safe; 3% risk of failure)
Confirm with . or Enter, or press ? or * to list all spells.
You conjure some foxfire!
You feel sick.
You are no longer poisoned.
The foxfire hits the adder.
The adder is heavily wounded.
The orc hits you with a +0 dagger.
You die...

#.<...^.# ##.## #..# #...#...#
#..####.## ###.##..# ##......#
#..#..# #####..# ##....# #..###
#########...#### #....##
.....#.........### #..#..###
.............#.ov## #..##...#####
...............v@S# #.#####.#...<
.............###.o###.# #.#.###
.............####..##.# ##...###
...(..........###.....####......#
................#..##...........#
............#<#....####..#......#
.....#........####.......#.._...#
############..####.......#.......
#..##.........#.....##


You could see an adder (ally target) and 2 orcs.

Vanquished Creatures
  An adder (D:2)
  A dart slug (D:2)
  A ribbon worm (D:2)
  A giant cockroach (D:2)
  5 goblins
  5 hobgoblins
  7 jackals (D:1)
  2 quokkas
  2 ball pythons (D:2)
  4 bats
  3 frilled lizards
  4 kobolds
  5 rats
41 creatures vanquished.

Vanquished Creatures (others)
  186 foxfires
186 creatures vanquished.

Grand Total: 227 creatures vanquished

Notes
Turn   | Place    | Note
-------+----------+-------------------------------------------
     0 | D:1      | Arctor the Deep Elf Fire Elementalist began the quest for
                  | the Orb.
     0 | D:1      | Reached XP level 1. HP: 10/10 MP: 6/6
   225 | D:1      | Reached XP level 2. HP: 15/15 MP: 1/8
   464 | D:1      | Learned a level 2 spell: Scorch
   656 | D:1      | You fall into a shaft and drop 1 floor!
   724 | D:2      | Found a glowing golden altar of the Shining One.
   847 | D:2      | Reached XP level 3. HP: 19/19 MP: 1/9
  2035 | D:2      | Slain by an orc

Illustrated notes

Levels and vault maps discovered:
D:1:      matt_arrival_spirals, layout_basic, grunt_decor_mini_mirrors,
          minmay_fountain_box
D:2:      layout_rooms, basic_altar
D:3:      layout_basic

Skill      XL: |  1  2  3 |
---------------+----------+-----
Stealth        | 3 |  3.2
Dodging        | 3 |  3.1
Conjurations   | 2 |  2.0
Spellcasting   | |  3.7
Fire Magic     | |  3.7

Action                     || total
---------------------------++-------
  Melee: Unarmed           ||    38
   Cast: Foxfire           ||   124
 Armour: Robe              ||    67
  Dodge: Dodged            ||    65
